AoeStats
← FERRYZC

Black Forest

507733464Analyzed
2v2 RM · 14d ago on Sep 19, 2026· 60m 6s· 4 players
Game mode
Random Map
Map size
Medium (4 player)
Population
200
Speed
Normal
Resources
Standard
Victory
Conquest
Starting age
Dark Age
Ending age
Imperial Age
RankedLock teamsTeams togetherTeam positionsShared explorationLock speedFull tech treeHidden civsTurbo modeCheats
Victory
Defeat
🇨🇱 Khmer · Chile
806
+15
🇨🇱 Portuguese · Chile
793
+16
🇨🇴 Vietnamese · Colombia
813
-16
🇱🇺 Spanish · Luxembourg
766
-15
JMG89
0:37 Loom
12:40 Feudal Age
16:03 Wheelbarrow
17:03 Double-Bit Axe
21:10 Castle Age
20:02 Fishing Lines
22:19 Bow Saw
22:05 Gillnets
24:51 Horse Collar
28:13 Heavy Plow
29:27 Town Watch
29:57 Hand Cart
34:59 Imperial Age
33:53 Caravan
34:16 Gold Mining
35:09 Treadmill Crane
35:40 Fortified Wall
36:42 Chemistry
36:18 Crop Rotation
36:50 Two-Man Saw
36:28 Paper Money
36:58 Fletching
37:08 Padded Archer Armor
37:23 Forging
37:18 Scale Barding Armor
38:19 Bodkin Arrow
38:40 Leather Archer Armor
37:53 Crossbowman
38:38 Thumb Ring
38:50 Chatras
41:07 Guard Tower
41:42 Bracer
42:12 Ring Archer Armor
42:42 Bloodlines
42:33 Husbandry
41:55 Cavalier
44:22 Elite Battle Elephant
45:52 Keep
45:27 Siege Engineers
45:25 Light Cavalry
46:45 Iron Casting
46:30 Chain Barding Armor
46:48 Arbalester
49:42 Ballistics
49:18 Murder Holes
FERRYZC
0:30 Loom
15:03 Feudal Age
17:28 Double-Bit Axe
17:26 Horse Collar
21:46 Castle Age
22:20 Fletching
23:40 Wheelbarrow
23:21 Bow Saw
26:20 Hand Cart
26:55 Caravan
28:11 Heavy Plow
28:49 Forging
28:35 Bodkin Arrow
28:40 Padded Archer Armor
28:40 Scale Mail Armor
28:33 Pikeman
29:13 Squires
28:59 Gambesons
34:46 Imperial Age
32:41 Fortified Wall
34:28 Ballistics
34:36 Town Watch
36:14 Theocracy
36:45 Chemistry
36:06 Ballistics
37:04 Two-Man Saw
36:07 Bracer
36:42 Iron Casting
36:08 Scale Mail Armor
36:08 Padded Archer Armor
36:13 Scale Barding Armor
36:12 Squires
35:39 Elite Skirmisher
36:25 Thumb Ring
37:48 Redemption
37:54 Block Printing
39:13 Blast Furnace
38:38 Imperial Skirmisher
39:14 Halberdier
40:32 Illumination
40:19 Fervor
40:37 Sanctity
40:40 Cavalier
40:40 Light Cavalry
41:30 Bloodlines
41:23 Husbandry
40:51 Light Cavalry
41:57 Bloodlines
42:07 Paladin
42:07 Hussar
42:32 Hussar
44:03 Chain Barding Armor
43:59 Chain Mail Armor
44:00 Leather Archer Armor
45:57 Conscription
45:38 Inquisition
47:53 Supremacy
49:05 Arson
elchoromota
0:33 Loom
11:42 Feudal Age
12:31 Horse Collar
12:37 Double-Bit Axe
21:25 Castle Age
19:12 Fishing Lines
19:27 Gold Mining
19:37 Stone Mining
22:36 Bow Saw
22:21 Gillnets
22:34 Heavy Plow
26:47 Stone Shaft Mining
27:10 Circumnavigation
27:41 Treadmill Crane
28:36 Town Watch
29:54 Husbandry
30:06 Bloodlines
31:51 Forging
31:48 Scale Barding Armor
31:44 Padded Archer Armor
31:34 Fletching
31:47 Murder Holes
32:13 Ballistics
36:33 Imperial Age
34:41 Wheelbarrow
36:20 Town Patrol
36:37 Hand Cart
37:30 Capped Ram
37:33 Cavalier
38:56 Chain Barding Armor
38:52 Leather Archer Armor
40:26 Two-Man Saw
39:40 Caravan
39:53 Masonry
41:04 Arquebus
40:42 Elite Organ Gun
42:55 Chemistry
41:56 Heated Shot
RSK | Nasif
0:35 Loom
15:26 Feudal Age
16:23 Double-Bit Axe
16:22 Horse Collar
17:30 Wheelbarrow
24:27 Castle Age
25:46 Hand Cart
25:53 Stone Mining
25:54 Gold Mining
26:12 Heavy Plow
26:25 Bow Saw
33:35 Caravan
36:45 Imperial Age
38:07 Elite Ballista Elephant
38:50 Tusk Swords
38:55 Double Crossbow
42:36 Chemistry
41:57 Ballistics
41:36 Heated Shot
43:06 Heavy Scorpion
44:38 Town Watch
45:09 Fortified Wall
44:55 Murder Holes
45:49 Scale Barding Armor
56:03 Chain Barding Armor
Connection lost

Rejoining the realm…

Still unreachable

The connection could not be restored.

Session expired

The server has moved on; the page needs a fresh start.